 Dungeon Crawl Stone Soup version 0.29-a0-11-ga75d3d97ab (webtiles) character file.

Game seed: 6615908736306340679

83 avis the Ruffian (level 4, -1/38 HPs)
             Began as a Hill Orc Transmuter on Jan 29, 2022.
             Slain by an orc (6 damage)
             ... on level 3 of the Dungeon.
             The game lasted 00:11:39 (2693 turns).

avis the Ruffian (Hill Orc Transmuter)              Turns: 2693, Time: 00:11:39

Health: -1/38      AC:  2    Str:  9 (12) XL:     4   Next: 44%
Magic:  3/6        EV: 11    Int: 12 (15) God:
Gold:   91         SH:  0    Dex: 10 (11) Spells: 2/6 levels left

rFire   . . .      SeeInvis .     - Unarmed
rCold   . . .      Faith    .   (no shield)
rNeg    . . .      Spirit   .   a - +0 robe
rPois   .          Reflect  .   (no helmet)
rElec   .          Harm     .   (no cloak)
rCorr   .          Rampage  .   (no gloves)
Will    .....                   (no boots)
Stlth   +.........              (no amulet)
HPRegen 0.12/turn               (no ring)
MPRegen 0.10/turn               (no ring)

@: very slightly contaminated
A: no striking features
a: no special abilities


You were on level 3 of the Dungeon.
You visited 1 branch of the dungeon, and saw 3 of its levels.

You collected 91 gold pieces.

Inventory:

Hand Weapons
 j - a +0 spear
 m - a +3 whip
Missiles
 c - 62 stones
 d - 33 sling bullets
 e - 17 bolts
 i - 10 arrows
 k - 4 poisoned darts
Armour
 a - a +0 robe (worn)
 l - a +0 pair of gloves
Scrolls
 g - a scroll of fog {unknown}
 h - a scroll of identify {unknown}
Potions
 b - 2 potions of degeneration
 f - a potion of attraction {unknown}


   Skills:
 - Level 3.0 Fighting
 - Level 1.5 Dodging
 * Level 4.7 Unarmed Combat
 - Level 1.5 Spellcasting
 - Level 1.3 Transmutations
 - Level 1.0 Poison Magic


You had 2 spell levels left.
You knew the following spells:

 Your Spells              Type           Power      Damage    Failure   Level
a - Beastly Appendage     Tmut           8%         N/A       16%         1
p - Spider Form           Tmut/Pois      3%         N/A       45%         3

Your spell library contained the following spells:

 Spells                   Type           Power      Damage    Failure   Level
 Wereblood                Tmut           4%         N/A       24%         2
 Gell's Gravitas          Tloc           0%         N/A       65%         3
 Lesser Beckoning         Tloc           0%         N/A       65%         3
 Teleport Other           Tloc           0%         N/A       65%         3
 Ice Form                 Ice/Tmut       2%         N/A       91%         4


Dungeon Overview and Level Annotations

Branches:
Dungeon (3/15)

Altars:

Shops:
D:1 [!?


Message History

The orc wizard flickers and vanishes!
Deactivating autopickup; reactivate with Ctrl-A.
You barely miss the orc. You claw the orc, but do no damage.
The orc is heavily wounded.
The orc hits you with a +0 club. The orc barely misses you.
You barely miss the orc. You claw the orc, but do no damage.
You headbutt the orc, but do no damage.
The orc is heavily wounded.
The orc hits you with a +0 hand axe.
You barely miss the orc. Your kick misses the orc.
The orc is heavily wounded.
The orc hits you from afar with a +0 trident.
The orc closely misses you. Something hits you.
The orc hits you with a +0 hand axe.
Casting: Beastly Appendage (safe; 13% risk of failure)
Confirm with . or Enter, or press ? or * to list all spells.
The spell is quite dangerous to miscast (38% risk of failure)!
Continue anyway?
You miscast Spider Form.
You are very lightly contaminated with residual magic.
Nothing appears to happen.
The orc barely misses you. The orc hits you but does no damage.
Something hits you. The orc closely misses you.
You barely miss the orc. You claw the orc, but do no damage.
The orc is heavily wounded.
Your horns disappear.
Your talons disappear.
The orc hits you from afar with a +0 trident.
The orc completely misses you.
You hit the orc but do no damage.
The orc is heavily wounded.
Something hits you. The orc hits you with a +0 hand axe.
* * * LOW HITPOINT WARNING * * *
The orc hits you from afar with a +0 trident.
* * * LOW HITPOINT WARNING * * *
The orc hits you but does no damage. The orc closely misses you.
It was a potion of degeneration.
There was something very wrong with that liquid.
You feel weakened.
You feel dopey.
You feel clumsy. The orc hits you with a +0 hand axe.
You die...

##...#########
#............#
#.....######.##
########## #..#
##........## ##.#
##...†......## #.#
##.....##.....###.##
##......##......##..#
##...oo@.##.......##.#
#........##........#.#
#....o..####.......#.#
#..)...#≈##≈#......#.#
#..##############..'.#
#.. #####..'.# #.
#......### #.......#
#........#


You could see 3 orcs.

Vanquished Creatures
  2 adders (D:2)
  A dart slug (D:1)
  6 orcs (D:3)
  5 endoplasms
  3 hobgoblins
  9 jackals
  3 quokkas
  4 ball pythons
  3 bats
  A frilled lizard (D:3)
  6 goblins
  6 kobolds
  3 rats
52 creatures vanquished.

Notes
Turn   | Place    | Note
-------+----------+-------------------------------------------
     0 | D:1      | avis the Hill Orc Transmuter began the quest for the Orb.
     0 | D:1      | Reached XP level 1. HP: 16/16 MP: 3/3
    86 | D:1      | Found Xoumep's Distillery.
    86 | D:1      | Found Hisuic's Armour Shoppe.
   255 | D:1      | Reached XP level 2. HP: 19/24 MP: 2/4
   457 | D:1      | Reached skill level 4 in Unarmed Combat
   967 | D:1      | Found Numnehab's Magic Scroll Emporium.
  1055 | D:1      | Reached XP level 3. HP: 30/30 MP: 3/5
  1207 | D:1      | Learned a level 3 spell: Spider Form
  1213 | D:2      | Found a faded altar of an unknown god.
  1896 | D:2      | Reached skill level 1 in Poison Magic
  1962 | D:2      | Reached XP level 4. HP: 35/38 MP: 6/6
  2693 | D:3      | Slain by an orc

Illustrated notes

Levels and vault maps discovered:
D:1:      dpeg_arrival_castle, layout_rooms, serial_shops,
          nicolae_shop_behind_doors, shop, nicolae_shop_waterfront,
          amcnicky_mini_pool_small
D:2:      layout_rooms, hellmonk_ecumenical_altar_crossroads, minmay_ruptured
D:3:      layout_loops_ring, lightli_temple_of_fire,
          mainiacjoe_overflow_small_starburst, kennysheep_cross_room

Skill      XL: |  1  2  3 |
---------------+----------+-----
Fighting       | 2 3 |  3.0
Unarmed Combat | 4 |  4.7
Poison Magic   | 1 |  1.0
Dodging        | |  1.5
Spellcasting   | |  1.5
Transmutations | |  1.3

Action                   |  1- 3 |  4- 6 || total
-------------------------+-------+-------++-------
Melee: Unarmed           |    93 |    39 ||   132
       Kick              |    20 |    12 ||    32
       Headbutt          |     9 |     4 ||    13
       Punch             |     3 |     1 ||     4
 Cast: Beastly Appendage |    22 |     8 ||    30
       Spider Form       |     3 |     1 ||     4
  Use: Potion            |       |     1 ||     1
Armor: Robe              |    17 |     6 ||    23
Dodge: Dodged            |    62 |    17 ||    79

Table legend: (Time is in decaauts)
 A = Elapsed time spent in this place.
 B = Non-inter-level travel time spent in this place.
 C = Inter-level travel time spent in this place.
 D = Time resting spent in this place.
 E = Time spent auto-exploring this place.
 F = Levels seen in this place.
 G = Mean time per level.
                   A        B        C        D        E       F      G
               +--------+--------+--------+--------+--------+-----+--------+
         Total |   2692 |   2540 |    152 |   1181 |    814 |   3 |  897.3 |
       Dungeon |   2692 |   2540 |    152 |   1181 |    814 |   3 |  897.3 |
               +--------+--------+--------+--------+--------+-----+--------+

Top non-repeatable levels by time:
     D:1: 1410 daAuts
     D:2: 997 daAuts
     D:3: 284 daAuts
